 Dungeon Crawl Stone Soup version 0.18-a0-1070-gd466a24 (webtiles) character file.

409265 nuthulu the Hoplite (level 23, -1/152 HPs)
             Began as a Gargoyle Fighter on Jan 13, 2016.
             Was the Champion of Okawaru.
             Killed by divine providence
             ... invoked by a smoke demon
             ... summoned by a deep elf sorcerer
              (10 damage)
             ... on level 5 of the Depths.
             The game lasted 02:35:35 (56547 turns).

nuthulu the Hoplite (Gargoyle Fighter)             Turns: 56547, Time: 02:35:35

Health: -1/152     AC: 65    Str: 23    XL:     23   Next: 47%
Magic:  0/29       EV: 10    Int: 18    God:    Okawaru [******]
Gold:   3822       SH: 30    Dex: 18    Spells: 0 memorised, 22 levels left

rFire  + + .     SeeInvis +     X - +4 morningstar of the Dungeon {drain, rF+ Int+4}
rCold  + . .     Gourm    .     C - +0 crystal plate armour {rC+}
rNeg   + . .     Faith    .     c - +3 large shield of the Slug {rCorr Int+4}
rPois  ∞         Spirit   +     y - +2 hat {SInv}
rElec  +         Dismiss  .     D - +1 cloak {MR+}
rCorr  +         Reflect  .     L - +2 pair of gloves {Dex+3}
SustAt +         Harm     .     V - +5 pair of boots of the Cockroach {rF+}
MR     +++..                    v - amulet of guardian spirit
Stlth  ..........               S - ring of sustain attributes
                                Z - ring of protection from magic

@: heroism, flying, extremely resistant to hostile enchantments, extremely
unstealthy
A: big wings, negative energy resistance 1, electricity resistance, unbreathing,
petrification resistance, rot immunity, AC +17
a: Stop Flying, Heroism, Finesse, Renounce Religion
}: 2/15 runes: decaying, gossamer


You were on level 5 of the Depths.
You worshipped Okawaru.
Okawaru was exalted by your worship.
You were not hungry.

You visited 8 branches of the dungeon, and saw 43 of its levels.
You also visited: Bailey, Ice Cave and Volcano.

You collected 5835 gold pieces.
You spent 2013 gold pieces at shops.

Inventory:

Hand Weapons
 b - the +3 flail of the Iron City of Dis {holy, rPois rN+ Int+5}
   (You found it on level 2 of the Depths)

   It has been blessed by the Shining One to cause great damage to the undead
   and demons.
   It affects your intelligence (+5).
   It protects you from poison.
   It protects you from negative energy.
 u - the +8 flail of Meqis {freeze, MP+9 Str+3}
   (You bought it in a shop on level 2 of the Orcish Mines)

   It has been specially enchanted to freeze those struck by it, causing extra
   injury to most foes and up to half again as much damage against particularly
   susceptible opponents.
   It can also slow down cold-blooded creatures.
   It affects your strength (+3).
   It affects your magic capacity (+9).
 I - a +4 flail of holy wrath
 J - a +2 demon whip of venom
 X - the +4 morningstar of the Dungeon (weapon) {drain, rF+ Int+4}
   (Okawaru gifted it to you on level 4 of the Lair of Beasts)

   A truly terrible weapon, it drains the life of those it strikes.
   It affects your intelligence (+4).
   It protects you from fire.
Armour
 c - the +3 large shield of the Slug (worn) {rCorr Int+4}
   (Okawaru gifted it to you on level 4 of the Spider Nest)

   It affects your intelligence (+4).
   It protects you from acid and corrosion.
 j - a +2 shield of reflection
 y - a +2 hat of see invisible (worn)
 C - a +0 crystal plate armour of cold resistance (worn)
 D - a +1 cloak of magic resistance (worn)
 L - a +2 pair of gloves of dexterity (worn)
 V - the +5 pair of boots of the Cockroach (worn) {rF+}
   (Okawaru gifted it to you on level 8 of the Lair of Beasts)

   It protects you from fire.
Jewellery
 g - an uncursed ring of protection from fire
 q - an uncursed amulet of regeneration
 r - the ring of Nihig {rC++ Dex+3}
   (You took it off a yaktaur on level 3 of the Depths)

   [ring of dexterity]

   It affects your dexterity (+3).
   It greatly protects you from cold.
 v - an amulet of guardian spirit (around neck)
 F - an uncursed amulet of dismissal
 M - an uncursed ring of protection from cold
 S - a ring of sustain attributes (right hand)
 U - a +2 amulet of reflection
 W - an uncursed ring of protection from magic
 Z - a ring of protection from magic (left hand)
Wands
 e - a wand of digging (14/24)
 A - a wand of heal wounds (4/9)
 Q - a wand of teleportation (6/9)
Scrolls
 d - 22 scrolls of remove curse
 h - 2 scrolls of fear
 m - 7 scrolls of fog
 o - 9 scrolls of teleportation
 t - 7 scrolls of recharging
 w - 4 scrolls of magic mapping
 B - 8 scrolls of amnesia
 G - 3 scrolls of blinking
 R - 11 scrolls of identify
 T - 2 scrolls of silence
Potions
 a - 3 potions of berserk rage
 i - 17 potions of curing
 k - 7 potions of might
 l - 6 potions of cancellation
 p - 8 potions of heal wounds
 s - 2 potions of cure mutation
 E - 8 potions of haste
 H - 8 potions of lignification
 N - 4 potions of magic
 P - 4 potions of agility
 Y - 4 potions of resistance
Comestibles
 f - 12 bread rations
 n - 11 meat rations
 x - 8 beef jerkies
 z - 14 slices of pizza
 K - 17 fruits


   Skills:
 + Level 18.1(23.1) Fighting
 - Level 16.0(21.0) Maces & Flails
 - Level 23.2(27) Armour
 + Level 24.2(27) Shields
 - Level 8.1 Invocations


You had 22 spell levels left.
You didn't know any spells.

Dungeon Overview and Level Annotations

Branches:
Dungeon (15/15)            Temple (1/1) D:4            Lair (8/8) D:10
  Swamp (4/4) Lair:3       Spider (4/4) Lair:6        Slime (0/6) Lair:8
    Orc (2/2) D:9             Elf (0/3) Orc:2        Vaults (4/5) D:14
  Crypt (0/3) Vaults:3     Depths (5/5) D:15
    Zot: Depths:5

Altars:
Ashenzari
Cheibriados
Elyvilon
Fedhas
Gozag
Kikubaaqudgha
Makhleb
Okawaru
Pakellas
Qazlal
Ru
Sif Muna
Trog
Xom
Zin
Beogh
Jiyva

Shops:
D:8 *   D:10 *   Orc:2 (}((   Vaults:1 *   Vaults:2 !(:(!

Portals:
Hell: Depths:1 Depths:2 Depths:3 Depths:4
Abyss: Depths:4
Pandemonium: Depths:3
Ziggurat: Depths:2

Annotations:
D:2 Sigmund


Innate Abilities, Weirdness & Mutations

You are resistant to torment.
Your stone body is resilient (AC +17).
You are immune to poison.
Your large and strong wings let you fly indefinitely.
You resist negative energy.
You are resistant to electric shocks.
You can survive without breathing.
You are immune to petrification.
You are immune to rotting.


Message History

You are covered in liquid flames!
* * * LOW HITPOINT WARNING * * *
The deep elf sorcerer gestures wildly while chanting.
Unknown command.
You are covered in liquid flames!
* * * LOW HITPOINT WARNING * * *
Unknown command.
The sun demon shouts!
You block the tentacled monstrosity's attack.
The tentacled monstrosity closely misses you.
The tentacled monstrosity tentacle-slaps you but does no damage.
You block the tentacled monstrosity's attack.
Unknown command.
You block the juggernaut's attack. x2
The deep elf sorcerer is no longer moving quickly.
The deep elf sorcerer hits the fungus with a long sword!
The deep elf sorcerer hits the fungus with a long sword!
The smoke demon gestures at you. Something smites you!
You die...

+#
##########+#+##.+
#D≈§≈≈≈##.#.#@.#
#≈)....##cXCD..#
#≈$..#§#..eP⌠.#+
#§...#.4#3P8P..#
#≈.##..#.Q⌠P..#+
#≈§....*#......#
#§....3###)#.###
#≈##....*#'#+####
≈ ##'..§C.....)§#


You could see a juggernaut, a tentacled monstrosity, a fire dragon, a tengu
reaver, a deep elf sorcerer, a sun demon, an orange demon, a yaktaur, a smoke
demon and a battlesphere.

Vanquished Creatures
  Sojobo (Vaults:3)
  Margery (Depths:3)
  Frederick (Vaults:3)
  Saint Roka (Depths:5)
  the Lernaean hydra (Swamp:4)
  Arachne (Spider:3)
  A bone dragon (Depths:4)
  Jorgrun (Spider:4)
  Rupert (Depths:1)
  2 titans
  Asterion (Spider:3)
  A lich (Vaults:4)
  Gastronok (Orc:1)
  Frances (D:14)
  2 sphinxes
  2 ancient champions (Depths:1)
  3 thorn hunters
  3 tengu reavers
  5 fire giants
  Maud (Lair:5)
  2 frost giants
  Donald (Spider:1)
  3 ghost moths (Spider:4)
  Wiglaf (Spider:3)
  A draconian knight (Depths:1)
  Aizul (Spider:2)
  3 deep elf sorcerers
  10 vault wardens
  A balrug (Depths:3)
  7 emperor scorpions
  3 orc warlords
  The ghost of dvd the Unseen, an adept SpEn of Gozag (Spider:3)
  3 juggernaut skeletons (Depths:4)
  A war gargoyle (Vaults:4)
  3 caustic shrike skeletons (Depths:4)
  A salamander stormcaller (Vaults:2)
  2 very ugly things (D:15)
  6 stone giants
  10 ironheart preservers
  3 vampire knights (Depths:2)
  3 deep elf demonologists
  A green draconian (Depths:2)
  Nessos (D:15)
  Snorg (D:10)
  The ghost of Chiseanne the Protected, a journeyman CeAE of Gozag (D:14)
  A deep elf annihilator (Vaults:1)
  A spark wasp (Depths:3)
  A spark wasp (shapeshifter) (Vaults:1)
  6 ettins
  An ettin (shapeshifter) (Vaults:2)
  4 vault guards (Vaults:2)
  A crystal guardian (Vaults:3)
  A minotaur (Depths:2)
  2 merfolk javelineers (Depths:1)
  12 fire dragons
  6 ice dragons
  13 yaktaur captains
  15 ogre magi
  5 great orbs of eyes
  3 entropy weavers
  28 hydras
  The ghost of namelastname112 the Covert, a journeyman DrWz of Dithmenos (IceCv)
  3 naga warriors (Depths:2)
  3 rakshasas
  Fannar (D:11)
  A spriggan air mage (Depths:4)
  Erica (D:11)
  10 centaur warriors
  2 death knights
  7 deep troll shamans
  3 tengu warriors
  3 alligators
  10 deep troll earth magi
  5 death yaks
  An iron giant skeleton (Depths:4)
  2 spriggan berserkers
  2 vampire magi
  7 orc high priests
  Nergalle (D:9)
  A titan skeleton (Depths:4)
  A shock serpent (shapeshifter) (Vaults:4)
  Sonja (Orc:2)
  4 deep elf knights
  2 shadow wraiths (Vaults:4)
  3 hell knights
  2 fire crabs
  27 skeletal warriors
  An iron troll (Depths:2)
  12 swamp dragons
  An unseen horror (shapeshifter) (Vaults:2)
  A storm dragon skeleton (Depths:4)
  10 unseen horrors
  23 deep trolls
  A hill giant (shapeshifter) (Vaults:3)
  7 deep elf archers
  2 orange crystal statues
  4 spriggan druids
  3 giant orange brains
  8 hill giants
  A torturous demonspawn (Depths:3)
  6 necromancers
  8 wizards
  10 ironbrand convokers
  21 orc knights
  15 orc sorcerers
  A golden dragon skeleton (Depths:4)
  12 harpies
  2 phantasmal warriors
  34 wolf spiders
  A frost giant zombie (Vaults:4)
  19 orb spiders
  A salamander (Depths:3)
  12 hornets
  A hornet (shapeshifter) (Vaults:3)
  A human zombie (Vaults:4)
  A sphinx skeleton (Depths:4)
  7 cyclopes
  7 manticores
  13 deep elf magi
  2 shadow dragon skeletons (Depths:4)
  2 tengu skeletons (Depths:4)
  A faun (shapeshifter) (Depths:3)
  A moth of wrath (Spider:4)
  22 ugly things
  6 griffons
  An iron dragon skeleton (Depths:4)
  A frost giant skeleton (Depths:4)
  A naga mage (Depths:2)
  A rust devil (Depths:3)
  Maurice (D:13)
  2 ice statues (IceCv)
  4 centaur zombies
  A black mamba (shapeshifter) (Vaults:3)
  16 vault sentinels
  A molten gargoyle (Volcano)
  2 black mambas
  6 gargoyles
  29 spiny frogs
  5 kobold demonologists
  An efreet (Depths:2)
  23 demonic crawlers
  6 komodo dragons
  56 yaktaurs
  A hellwing (Depths:3)
  11 ice devils (IceCv)
  5 fire drakes
  6 tengu conjurers
  7 freezing wraiths
  6 trolls
  2 jumping spiders (shapeshifter)
  A polar bear (shapeshifter) (Depths:4)
  A tengu simulacrum (Vaults:4)
  5 giant leeches
  25 two-headed ogres
  Grinder (D:6)
  31 jumping spiders
  11 blink frogs
  4 boulder beetles
  16 bog bodies
  16 slime creatures
  4 large abominations (Depths:4)
  70 redbacks
  14 flying skulls (Depths:4)
  5 spriggans (Swamp:1)
  2 air elementals (Depths:4)
  A centaur simulacrum (D:14)
  8 elf skeletons (Depths:4)
  2 shadows
  2 wraiths
  An ettin skeleton (Vaults:4)
  Eustachio (D:6)
  22 tarantellas
  2 wyverns
  45 yaks
  5 vampires
  A fire elemental (Volcano)
  9 water elementals
  2 basilisks
  5 chaos spawn
  3 hungry ghosts
  11 hippogriffs
  A human (D:7)
  25 vampire mosquitoes
  2 mottled dragons
  15 wolves
  3 small abominations (Depths:4)
  8 insubstantial wisps
  22 swamp worms
  15 wargs
  A soldier ant (D:13)
  5 porcupines
  18 water moccasins
  12 swamp drakes
  A sky beast (D:14)
  73 orc warriors
  4 ice beasts
  3 black bears
  6 necrophages
  69 ogres
  An eye of draining (shapeshifter) (Depths:1)
  17 wasps
  An ettin simulacrum (Vaults:1)
  3 boggarts
  2 phantoms
  27 centaurs
  A human skeleton (Vaults:4)
  20 crocodiles
  3 big kobolds
  35 giant frogs
  A water moccasin zombie (D:6)
  A wyvern skeleton (D:14)
  5 scorpions
  13 wights
  10 killer bees
  7 electric eels
  10 crimson imps
  2 giant frog zombies
  3 lava snakes (Volcano)
  A human simulacrum (Vaults:2)
  7 hounds
  32 orc priests
  3 jellies
  19 orc wizards
  5 centaur skeletons
  3 giant frog skeletons
  Terence (D:3)
  13 iguanas
  Natasha (thrice) (D:2)
  11 worker ants
  26 sheep
  2 worker ant zombies
  2 gnolls (Bailey)
  A river rat (shapeshifter) (Vaults:4)
  37 river rats
  13 adders
  A shadow imp (D:8)
  20 white imps
  3 ufetubi (IceCv)
  An ooze (D:1)
  An adder skeleton (D:9)
  3 worms
  7 giant geckos
  148 orcs
  3 ball pythons
  7 giant cockroaches
  11 goblins
  3 hobgoblins
  9 jackals
  29 kobolds
  3 quokkas
  14 bats
  A giant cockroach zombie (D:6)
  A giant gecko skeleton (D:7)
  A giant gecko zombie (D:7)
  7 giant newts
  22 rats
  2 briar patches (Swamp:3)
  2 plants
2029 creatures vanquished.

Vanquished Creatures (others)
  An ironbrand convoker (Vaults:1)
  A salamander (Depths:3)
  A two-headed ogre (Vaults:1)
  A jumping spider (Spider:4)
  A blink frog (Lair:5)
  3 redbacks (Spider:4)
  A tarantella (Spider:4)
  3 vampire mosquitoes (Swamp:1)
  A swamp worm (Swamp:1)
  A porcupine (Spider:1)
  An orc warrior (Vaults:1)
  2 boggarts
  2 ogres (Vaults:1)
  A big kobold (shapeshifter) (Depths:3)
  An orc simulacrum (Vaults:1)
  A giant frog zombie (D:12)
  3 white imps (IceCv)
  4 ufetubi (IceCv)
  4 orcs
  2 bushes (Lair:5)
  A fire vortex (Depths:3)
  10 fungi
  14 plants
60 creatures vanquished.

Grand Total: 2089 creatures vanquished

Notes
Turn   | Place    | Note
--------------------------------------------------------------
     0 | D:1      | nuthulu the Gargoyle Fighter began the quest for the Orb.
     0 | D:1      | Reached XP level 1. HP: 14/14 MP: 1/1
   338 | D:1      | Reached XP level 2. HP: 18/20 MP: 2/2
   715 | D:1      | Reached skill level 4 in Fighting
  1046 | D:1      | Reached XP level 3. HP: 24/24 MP: 3/3
  1500 | D:2      | Found a snail-covered altar of Cheibriados.
  1524 | D:2      | Reached XP level 4. HP: 26/30 MP: 4/4
  1775 | D:2      | Noticed Natasha
  1801 | D:2      | Killed Natasha
  1950 | D:2      | Noticed Natasha
  1958 | D:2      | Killed Natasha
  1958 | D:2      | Reached skill level 5 in Fighting
  1958 | D:2      | Reached XP level 5. HP: 33/35 MP: 5/5
  1972 | D:2      | Noticed Natasha
  1994 | D:2      | Killed Natasha
  2145 | D:2      | Noticed Sigmund
  2351 | D:3      | Noticed Terence
  2381 | D:3      | Killed Terence
  2774 | D:3      | Reached XP level 6. HP: 38/40 MP: 6/6
  2889 | D:3      | Found a stormy altar of Qazlal.
  3127 | D:4      | Found a staircase to the Ecumenical Temple.
  3144 | Temple   | Entered the Ecumenical Temple
  3157 | Temple   | Became a worshipper of Warmaster Okawaru
  3232 | D:4      | Noticed a two-headed ogre
  3240 | D:4      | Killed a two-headed ogre
  3240 | D:4      | Reached skill level 6 in Fighting
  3240 | D:4      | Reached skill level 5 in Maces & Flails
  3240 | D:4      | Reached XP level 7. HP: 22/47 MP: 7/7
  3644 | D:4      | Reached * piety under Okawaru
  3829 | D:4      | Reached skill level 7 in Fighting
  4347 | D:5      | Entered Level 5 of the Dungeon
  4405 | D:5      | Reached XP level 8. HP: 38/54 MP: 8/8
  4607 | D:5      | Found a sacrificial altar of Ru.
  5022 | D:6      | Reached skill level 8 in Fighting
  5241 | D:6      | Noticed Grinder
  5262 | D:6      | Killed Grinder
  5262 | D:6      | Reached ** piety under Okawaru
  5313 | D:6      | Reached skill level 9 in Fighting
  5473 | D:6      | Reached XP level 9. HP: 40/60 MP: 9/9
  5809 | D:6      | Noticed Eustachio
  5835 | D:6      | Killed Eustachio
  6024 | D:6      | Reached *** piety under Okawaru
  6055 | D:7      | Reached skill level 10 in Fighting
  6117 | D:7      | Found a glowing silver altar of Zin.
  7269 | D:8      | Reached skill level 11 in Fighting
  7277 | D:8      | Reached **** piety under Okawaru
  7299 | D:8      | Reached XP level 10. HP: 50/69 MP: 8/10
  7311 | D:8      | Reached skill level 10 in Maces & Flails
  7746 | D:8      | Noticed a manticore
  7762 | D:8      | Killed a manticore
  7768 | D:8      | Reached ***** piety under Okawaru
  8361 | D:8      | Found Erphaacw's Assorted Antiques.
  8364 | D:8      | Bought a cloak for 85 gold pieces
  8460 | D:8      | Reached skill level 12 in Fighting
  8863 | D:9      | Received a gift from Okawaru
  9195 | D:9      | Found a staircase to the Orcish Mines.
  9563 | D:9      | Found a white marble altar of Elyvilon.
  9567 | D:9      | Found a shimmering altar of Xom.
  9567 | D:9      | Found an ancient bone altar of Kikubaaqudgha.
  9574 | D:9      | Found a sacrificial altar of Ru.
  9577 | D:9      | Found a bloodstained altar of Trog.
  9710 | D:10     | Entered Level 10 of the Dungeon
  9710 | D:10     | Noticed a hill giant
  9716 | D:10     | Noticed Nergalle
  9728 | D:9      | Killed a hill giant
  9919 | D:9      | Killed Nergalle
  9919 | D:9      | Reached XP level 11. HP: 60/77 MP: 8/11
 10378 | D:10     | Noticed Snorg
 10398 | D:10     | Killed Snorg
 10398 | D:10     | Reached skill level 13 in Fighting
 10584 | D:10     | Killed an unseen horror
 11030 | D:10     | Noticed Fannar
 11198 | D:11     | Killed Fannar
 11295 | D:10     | Received a gift from Okawaru
 11557 | D:10     | Found a staircase to the Lair.
 11708 | D:10     | Killed an unseen horror
 11708 | D:10     | Reached skill level 14 in Fighting
 11795 | D:10     | Found Otiev's Serpentskin Sales.
 12003 | Lair:1   | Entered Level 1 of the Lair of Beasts
 12503 | Lair:1   | Noticed a seven-headed hydra
 12515 | Lair:1   | Killed a seven-headed hydra
 12515 | Lair:1   | Reached XP level 12. HP: 73/86 MP: 8/12
 14784 | Lair:3   | Reached skill level 15 in Fighting
 14786 | Lair:3   | Found a staircase to the Swamp.
 15412 | Lair:4   | Received a gift from Okawaru
 15419 | Lair:4   | Got a jewelled morningstar {god gift}
 15420 | Lair:4   | Identified the +4 morningstar of the Dungeon {drain, rF+ Int+4} (Okawaru gifted it to you on level 4 of the Lair of Beasts)
 16226 | Lair:5   | Found a dark tunnel.
 16237 | Volcano  | Entered a volcano
 16319 | Volcano  | Found a radiant altar of Vehumet.
 16591 | Lair:5   | Reached XP level 13. HP: 90/93 MP: 13/13
 16606 | Lair:5   | Received a gift from Okawaru
 16606 | Lair:5   | Reached skill level 16 in Fighting
 16712 | Lair:5   | Noticed Maud
 16739 | Lair:5   | Killed Maud
 16849 | Lair:5   | Reached skill level 15 in Maces & Flails
 17469 | Lair:6   | Reached skill level 5 in Shields
 17670 | Lair:6   | Found a hole to the Spider Nest.
 19138 | Lair:8   | Entered Level 8 of the Lair of Beasts
 19160 | Lair:8   | Received a gift from Okawaru
 19369 | Lair:8   | Reached ****** piety under Okawaru
 19391 | Lair:8   | Gained mutation: Your large and strong wings let you fly indefinitely. [Gargoyle growth]
 19391 | Lair:8   | Reached XP level 14. HP: 63/100 MP: 12/14
 19508 | Lair:8   | Received a gift from Okawaru
 19511 | Lair:8   | Got a pair of steaming boots {god gift}
 19531 | Lair:8   | Identified the +5 pair of boots of the Cockroach {rF+} (Okawaru gifted it to you on level 8 of the Lair of Beasts)
 19819 | Lair:8   | Found a viscous altar of Jiyva.
 19819 | Lair:8   | Found a staircase to the Slime Pits.
 19851 | Lair:8   | Reached skill level 5 in Armour
 21224 | D:11     | Reached skill level 10 in Shields
 21226 | D:11     | Noticed Erica
 21235 | D:11     | Killed Erica
 22345 | D:11     | Received a gift from Okawaru
 22517 | D:12     | Got a shimmering chain mail
 22518 | D:12     | Identified the cursed +1 chain mail of Ariwanu {rElec rC- Int+4 Dex+3} (You found it on level 12 of the Dungeon)
 22828 | D:12     | Found a frozen archway.
 22873 | IceCv    | Entered an ice cave
 22873 | IceCv    | Noticed namelastname112's ghost (journeyman DrWz)
 22892 | IceCv    | Killed namelastname112's ghost
 23684 | D:12     | Reached XP level 15. HP: 87/104 MP: 15/15
 24308 | D:13     | Found a flagged portal.
 24363 | Bailey   | Entered a bailey
 24497 | Bailey   | Found a burning altar of Makhleb.
 24504 | Bailey   | Got a smoking plate armour
 24505 | Bailey   | Identified the cursed +1 plate armour of Defence {-Cast +Inv rC++ Str+3} (You took it off an orc warrior in a bailey)
 24573 | D:13     | Noticed Maurice
 24588 | D:13     | Killed Maurice
 24588 | D:13     | Reached skill level 10 in Armour
 24753 | D:13     | Received a gift from Okawaru
 24979 | D:14     | Noticed Chiseanne's ghost (journeyman CeAE)
 24994 | D:14     | Killed Chiseanne's ghost
 25472 | D:14     | Found a gate to the Vaults.
 25610 | D:14     | Received a gift from Okawaru
 25788 | D:14     | Noticed Frances
 25822 | D:14     | Gained mutation: You are frail (-10% HP). [a neqoxec]
 25859 | D:14     | Killed Frances
 25859 | D:14     | Received a gift from Okawaru
 25862 | D:14     | Got a dazzling eveningstar {god gift}
 25864 | D:14     | Identified the +1 eveningstar "Dabogh" {freeze, MR- Str+2 Dex+4} (Okawaru gifted it to you on level 14 of the Dungeon)
 26252 | D:15     | Entered Level 15 of the Dungeon
 26267 | D:15     | Noticed Nessos
 26302 | D:15     | Killed Nessos
 26352 | D:15     | Identified a scroll of acquirement
 26355 | D:15     | Got a pair of twisted gloves
 26357 | D:15     | Identified the +0 pair of gloves of Trog's Righteous Anger {Str+6} (You acquired it on level 15 of the Dungeon)
 26412 | D:15     | Found a shattered altar of Ashenzari.
 26648 | D:15     | Found a white marble altar of Elyvilon.
 26837 | D:15     | Received a gift from Okawaru
 26840 | D:15     | Found a staircase to the Depths.
 27124 | Orc:1    | Entered Level 1 of the Orcish Mines
 27356 | Orc:1    | Noticed Gastronok
 27374 | Orc:1    | Killed Gastronok
 27554 | Orc:2    | Entered Level 2 of the Orcish Mines
 27554 | Orc:2    | Noticed Sonja
 27649 | Orc:2    | Reached XP level 16. HP: 99/99 MP: 16/16
 27750 | Orc:2    | Killed Sonja
 27984 | Orc:2    | Found a roughly hewn altar of Beogh.
 28116 | Orc:2    | Found Hutiunats's Antique Weapon Boutique.
 28141 | Orc:2    | Found Efecirgh's Gadget Shop.
 28184 | Orc:2    | Received a gift from Okawaru
 28190 | Orc:2    | Got a spiked large shield {god gift}
 28201 | Orc:2    | Identified the -4 large shield "Oleleo Hoama" {rElec MR+ Dex+4} (Okawaru gifted it to you on level 2 of the Orcish Mines)
 28758 | Orc:2    | Found a staircase to the Elven Halls.
 29059 | Orc:2    | Found a roughly hewn altar of Beogh.
 29229 | Orc:2    | Found Mushre's Weapon Emporium.
 29301 | Orc:2    | Found Suicsio's Weapon Shop.
 29561 | Orc:2    | Bought the +8 flail of Meqis {freeze, MP+9 Str+3} for 1013 gold pieces
 29640 | Orc:2    | Reached skill level 15 in Shields
 30051 | Spider:1 | Entered Level 1 of the Spider Nest
 30398 | Spider:1 | Noticed Donald
 30419 | Spider:1 | Killed Donald
 31273 | Spider:2 | Noticed Aizul
 31287 | Spider:2 | Killed Aizul
 31287 | Spider:2 | Received a gift from Okawaru
 31482 | Spider:2 | Got a brightly glowing mace {god gift}
 31483 | Spider:2 | Identified the +3 mace of the Poles {crush, +Fly Str-2 Int+4 Stlth+} (Okawaru gifted it to you on level 2 of the Spider Nest)
 32258 | Spider:3 | Noticed dvd's ghost (adept SpEn)
 32260 | Spider:3 | Noticed Asterion
 32274 | Spider:3 | Reached XP level 17. HP: 96/103 MP: 15/17
 32426 | Spider:3 | Killed dvd's ghost
 32548 | Spider:3 | Received a gift from Okawaru
 32566 | Spider:3 | Noticed Arachne
 32615 | Spider:3 | Killed Arachne
 32615 | Spider:3 | Reached skill level 15 in Armour
 32731 | Spider:3 | Noticed Wiglaf
 32762 | Spider:3 | Killed Wiglaf
 32913 | Spider:3 | Lost mutation: You are frail (-10% HP). [potion of cure mutation]
 32949 | Spider:3 | Killed Asterion
 33213 | Swamp:1  | Entered Level 1 of the Swamp
 33751 | Swamp:1  | Reached skill level 17 in Shields
 34336 | Swamp:2  | Received a gift from Okawaru
 35506 | Swamp:4  | Entered Level 4 of the Swamp
 36050 | Swamp:4  | Reached XP level 18. HP: 117/120 MP: 16/18
 36065 | Swamp:4  | Received a gift from Okawaru
 36135 | Swamp:4  | Reached skill level 18 in Shields
 36533 | Swamp:4  | Reached skill level 1 in Invocations
 37099 | Swamp:4  | Noticed the 27-headed Lernaean hydra
 37109 | Swamp:4  | Killed the 27-headed Lernaean hydra
 37124 | Swamp:4  | Got a decaying rune of Zot
 37537 | Spider:4 | Entered Level 4 of the Spider Nest
 37556 | Spider:4 | Noticed Jorgrun
 37832 | Spider:4 | Killed Jorgrun
 37845 | Spider:4 | Received a gift from Okawaru
 38064 | Spider:4 | Reached skill level 5 in Invocations
 40118 | Spider:4 | Received a gift from Okawaru
 40154 | Spider:4 | Reached XP level 19. HP: 117/125 MP: 5/25
 40158 | Spider:4 | Got a steaming large shield {god gift}
 40169 | Spider:4 | Identified the +3 large shield of the Slug {rCorr Int+4} (Okawaru gifted it to you on level 4 of the Spider Nest)
 40231 | Spider:4 | Got a gossamer rune of Zot
 41039 | Vaults:1 | Entered Level 1 of the Vaults
 41343 | Vaults:1 | Found Ypreny's Assorted Antiques.
 41865 | Vaults:1 | Reached skill level 19 in Armour
 42670 | Vaults:1 | Received a gift from Okawaru
 43341 | Vaults:2 | Found Ulakyn's Weapon Shoppe.
 43387 | Vaults:2 | Found Ustrez's Book Shoppe.
 43608 | Vaults:2 | Found Imohud's Distillery.
 43615 | Vaults:2 | Bought 2 potions of heal wounds for 130 gold pieces
 43615 | Vaults:2 | Bought a potion of heal wounds for 65 gold pieces
 43615 | Vaults:2 | Bought a potion of heal wounds for 65 gold pieces
 43615 | Vaults:2 | Bought a potion of heal wounds for 65 gold pieces
 43615 | Vaults:2 | Bought a potion of resistance for 130 gold pieces
 43615 | Vaults:2 | Bought a potion of might for 52 gold pieces
 43758 | Vaults:2 | Found Kiychijo's Weapon Boutique.
 43769 | Vaults:2 | Reached XP level 20. HP: 132/132 MP: 18/26
 43823 | Vaults:2 | Received a gift from Okawaru
 43834 | Vaults:2 | Reached skill level 20 in Armour
 43897 | Vaults:2 | Got a heavily runed hat {god gift}
 43900 | Vaults:2 | Identified the +2 hat "Cuschocro" {rN++ Str-5 Slay+6 SInv} (Okawaru gifted it to you on level 2 of the Vaults)
 44173 | Vaults:2 | Found Qoyprocashu's Distillery.
 44190 | Vaults:2 | Bought a potion of curing for 36 gold pieces
 44190 | Vaults:2 | Bought a potion of curing for 36 gold pieces
 44190 | Vaults:2 | Bought a potion of curing for 36 gold pieces
 44190 | Vaults:2 | Bought a potion of cure mutation for 300 gold pieces
 44954 | Vaults:3 | Noticed Frederick
 44972 | Vaults:3 | Killed Frederick
 45688 | Vaults:3 | Paralysed by the power of Zot for 2 turns
 46193 | Vaults:3 | Noticed Sojobo
 46269 | Vaults:3 | Killed Sojobo
 46269 | Vaults:3 | Reached skill level 21 in Armour
 46413 | Vaults:3 | Found a staircase to the Crypt.
 46808 | Vaults:4 | Received a gift from Okawaru
 47146 | Vaults:4 | Reached XP level 21. HP: 136/136 MP: 27/27
 47489 | Vaults:4 | Paralysed by a giant eyeball for 4 turns
 47883 | Vaults:4 | Received a gift from Okawaru
 47944 | Vaults:4 | Got a scorched plate armour {god gift}
 47948 | Vaults:4 | Identified the +8 plate armour of the Countless Stars {rCorr Str-2 Int+2 Dex+3} (Okawaru gifted it to you on level 4 of the Vaults)
 49139 | Depths:1 | Entered Level 1 of the Depths
 49203 | D:15     | Reached skill level 22 in Armour
 49481 | Depths:1 | Noticed Rupert
 49494 | Depths:1 | Killed Rupert
 49781 | Depths:1 | Found a gateway to Hell.
 50256 | Depths:2 | Found a gateway to a ziggurat.
 50305 | Depths:2 | Received a gift from Okawaru
 50492 | Depths:2 | Reached XP level 22. HP: 52/142 MP: 2/28
 51121 | Depths:2 | Got a polished flail
 51122 | Depths:2 | Identified the +3 flail of the Iron City of Dis {holy, rPois rN+ Int+5} (You found it on level 2 of the Depths)
 52205 | Depths:2 | Reached skill level 23 in Armour
 52426 | Depths:2 | Received a gift from Okawaru
 53541 | Depths:3 | Got a bound wooden ring
 53544 | Depths:3 | Identified the ring of Nihig {rC++ Dex+3} (You took it off a yaktaur on level 3 of the Depths)
 53886 | Depths:3 | Noticed Margery
 53908 | Depths:3 | Killed Margery
 53908 | Depths:3 | Received a gift from Okawaru
 54054 | Depths:3 | Found a one-way gate leading to the halls of Pandemonium.
 54648 | Depths:4 | Found a one-way gate to the infinite horrors of the Abyss.
 54666 | Depths:4 | Reached XP level 23. HP: 149/149 MP: 22/29
 54675 | Depths:4 | Received a gift from Okawaru
 54975 | Depths:4 | Found a burning altar of Makhleb.
 55770 | Depths:4 | Reached skill level 24 in Shields
 55897 | Depths:4 | Identified Sif Muna's Reference Book on Transformation
 56305 | Depths:5 | Entered Level 5 of the Depths
 56332 | Depths:5 | Noticed Saint Roka
 56356 | Depths:5 | Killed Saint Roka
 56356 | Depths:5 | Received a gift from Okawaru
 56445 | Depths:5 | Noticed an iron giant
 56483 | Depths:5 | Noticed a juggernaut
 56543 | Depths:5 | HP: 7/152 [burnt (1)]
 56547 | Depths:5 | Killed from afar by a smoke demon

Vault maps used:
D:1:      dpeg_arrival_rooms_b
D:2:      cheibriados_altar_1, uniq_natasha, uniq_sigmund
D:3:      lemuel_doored_altar, first_bread, uniq_terence
D:4:      temple_fountains, serial_co_window_serial, co_window_corner_a,
          co_window_paths_b, co_window_corner_a, co_window_paths_a,
          co_window_paths_a, co_window_of_opportunity_a, co_window_corner_a,
          co_window_of_opportunity_c, co_window_unsneaky_path_a,
          co_window_unsneaky_path_b, glass_columns_a, glass_columns_c,
          glass_columns_a, glass_columns_a
D:5:      nicolae_ru_great_annihilating_truth
D:6:      uniq_eustachio, uniq_grinder
D:7:      basic_altar, grunt_livestock
D:8:      kennysheep_blocky_room, serial_shops, shop
D:9:      minmay_overflow_temple_star_hex, david_orc_2
D:10:     grunt_lair_entry_orc_guard_hut, guppyfry_shop_venom, uniq_nergalle,
          uniq_snorg, uniq_fannar
D:11:     kennysheep_kite_vault, uniq_erica
D:12:     serial_ice, serial_ice_c, serial_ice_a, serial_ice_n, serial_ice_j,
          portal_ice_cave_entry_imps
D:13:     enter_bailey_3, uniq_maurice
D:14:     david_vaults_1, serial_glass, glass_columns_c, glass_columns_b,
          glass_columns_b, glass_columns_a, uniq_frances
D:15:     grunt_enter_depths_hoard, elyvilon_altar_4, minmay_statues_item,
          evilmike_ruin_ashenzari, uniq_nessos
Temple:   nicolae_temple_god_jail
Lair:1:   wad_woods_river_01
Lair:2:   serial_bayou_pond_a
Lair:3:   minmay_swamp_entry_reptiles
Lair:4:   infiniplex_staircase_pool_2
Lair:5:   enter_volcano_3, serial_forest, infiniplex_forest_side_room,
          infiniplex_forest_clump_double, infiniplex_forest_straight_2,
          infiniplex_forest_lined_1, infiniplex_forest_split,
          infiniplex_staircase_pool, uniq_maud
Lair:6:   spider_nest_entry_webs, serial_bayou_pond_b
Lair:7:   pond
Lair:8:   minmay_lair_end_frog_pond, dpeg_slime_entry_enclosed_altar
Swamp:1:  hangedman_swamp_ruin_wall, nicolae_swamp_baby_hydras
Swamp:2:  serial_swamp_ruin, evilmike_swamp_ruin_house_6,
          evilmike_swamp_ruin_house_1, evilmike_swamp_ruin_rubble_1, swamp_pool2
Swamp:3:  evilmike_swamp_ruin_rubble_2, swamp_pool1
Swamp:4:  grunt_swamp_rune_castle
Spider:1: uniq_donald
Spider:2: hangedman_spider_mandibles, uniq_aizul
Spider:3: uniq_arachne, uniq_asterion, uniq_wiglaf
Spider:4: guppyfry_spider_rune, nicolae_orb_island, uniq_jorgrun
Orc:1:    uniq_gastronok
Orc:2:    pubby_orc_utopia, uniq_sonja
Vaults:1: v_pattern_2, ontoclasm_vaults_chip, ontoclasm_vaults_pinch,
          vaults_room_hangedman_quadrants, nicolae_vaults_little_squares_5,
          vaults_mumra_hexcomb, vaults_mumra_hex, ontoclasm_vaults_tryst,
          nicolae_vaults_what_the_h, nicolae_vaults_big_angled_halls,
          dpeg_vaults_monster_row, ontoclasm_vaults_ring_small,
          nicolae_vaults_diagonal_hallway_7, vaults_room_pools, serial_shops,
          shop
Vaults:2: nicolae_vaults_little_squares_5, nicolae_vaults_border_crossing,
          hangedman_vaults_nails, vaults_room_stairs_pillars,
          nicolae_vaults_shelves_hall, dpeg_vaults_monster_box,
          ontoclasm_vaults_idyll, grunt_vaults_hallway_short, serial_shops,
          shop, shop_statue, shop, shop
Vaults:3: minmay_crypt_entry_vampire_xt, v_misc_17, grunt_vaults_swirl,
          grunt_vaults_diagonal, st_lines, v_rooms_3,
          nicolae_vaults_little_squares_4, nicolae_vaults_yaktaur_gun_rack,
          nicolae_vaults_sealed_display, vaults_room_corners,
          ontoclasm_vaults_twist, uniq_frederick, uniq_sojobo
Vaults:4: ontoclasm_vaults_gallery, vaults_mumra_minichess_inversion,
          nicolae_vaults_theta, v_misc_1, vaults_room_corners,
          vaults_room_semicircle, v_misc_29, hangedman_vaults_capsules,
          vaults_room_pool, hangedman_vaults_cutoff
Depths:1: hell_entry, serial_sigils_hangedman_etch, spider_trap, fountainhead,
          minivault_16, dk_noncrumbling_4, minmay_fountain_box, sword_in_stone
Depths:2: hangedman_six_sided_sadism, enter_ziggurat_b, hell_entry,
          columned_hall_lemuel, minivault_16
Depths:3: minmay_smoke_and_mirrors, rand_demon_pan_entry_9, hell_entry,
          serial_bayou_shore_b, uniq_margery
Depths:4: minmay_skeleton_keep, hell_entry, lemuel_statue_altar,
          minmay_room_of_horrors, serial_bayou_shore_a,
          infiniplex_staircase_star
Depths:5: hangedman_slaughterboxes, hell_entry, abyss_entry, uniq_saint_roka,
          uniq_boris
Bailey:   bailey_axe_3, bailey
IceCv:    ice_cave_small_demon
Volcano:  volcano_grotto

Action                   |  1- 3 |  4- 6 |  7- 9 | 10-12 | 13-15 | 16-18 | 19-21 | 22-24 || total
-------------------------+-------+-------+-------+-------+-------+-------+-------+-------++-------
Melee: Flail             |   119 |   197 |   518 |  1026 |       |   149 |       |   400 ||  2409
       Morningstar       |       |       |       |   136 |  1772 |  2257 |  2660 |  1308 ||  8133
Invok: Heroism           |       |       |     1 |     7 |     9 |    21 |    12 |     7 ||    57
       Finesse           |       |       |       |     1 |       |     4 |    12 |     6 ||    23
 Abil: Fly               |       |       |       |       |     1 |       |     1 |     1 ||     3
       Stop Flying       |       |       |       |       |       |       |     1 |     1 ||     2
Evoke: Wand              |       |       |       |       |       |     4 |     1 |     2 ||     7
  Use: Scroll            |     8 |    11 |     4 |    16 |    17 |    12 |     4 |    10 ||    82
       Potion            |       |     2 |     2 |     1 |       |     4 |     6 |     2 ||    17
 Stab: Paralysed         |       |       |     1 |       |       |       |       |       ||     1
       Confused          |       |       |       |       |       |     1 |       |       ||     1
       Held in net/web   |       |       |       |       |       |     1 |       |       ||     1
  Eat: Chunk             |     2 |     6 |    11 |    15 |    15 |     3 |    12 |       ||    64
       Pizza             |       |       |     1 |       |     1 |     1 |       |       ||     3
       Bread ration      |       |       |       |     5 |     4 |     5 |     1 |     3 ||    18
       Meat ration       |       |       |       |     2 |       |     3 |     3 |     2 ||    10
       Royal jelly       |       |       |       |       |     3 |     2 |     1 |       ||     6
       Fruit             |       |       |       |       |     1 |     1 |     2 |       ||     4
       Beef jerky        |       |       |       |       |       |       |     1 |       ||     1
